 Dungeon Sprint DCSS version 0.17-a0-737-gf0a300a (webtiles) character file.

681 Abraxas the Blocker (level 7, -9/72 HPs)
             Began as a Minotaur Fighter on May 9, 2015.
             Was a Priest of the Shining One.
             Mangled by a cyan ugly thing (16 damage)
             ... in the Dungeon (Sprint IX: "|||||||||||||||||||||||||||||").
             The game lasted 00:01:02 (309 turns).

Abraxas the Blocker (Minotaur Fighter)               Turns: 309, Time: 00:01:03

Health: -9/72      AC: 13    Str: 22    XL:     7   Next: 34%
Magic:  6/6        EV:  9    Int:  5    God:    the Shining One [***...]
Gold:   0          SH: 12    Dex: 10    Spells: 0 memorised, 6 levels left

rFire  . . .     SeeInvis .     a - +2 scimitar (holy)
rCold  . . .     Clarity  .     r - +1 chain mail
rNeg   + . .     SustAb   .     c - +0 shield
rPois  .         Gourm    .     (helmet restricted)
rElec  .         Spirit   .     t - +0 cloak
rCorr  .         Warding  .     (no gloves)
rMut   .         NoTele   +     (no boots)
MR     .....                    (no amulet)
Stlth  ..........               (no ring)
                                (no ring)

@: glowing, not resistant to hostile enchantments, extremely unstealthy
A: retaliatory headbutt, horns 2
a: Divine Shield, Renounce Religion


You were in the Dungeon.
You worshipped the Shining One.
The Shining One was most pleased with you.
You were not hungry.

You visited 1 branch

Inventory:

Hand weapons
 a - a +2 scimitar of holy wrath (weapon)
 b - a +3 war axe of freezing
Armour
 c - a +0 shield (worn)
 r - a +1 chain mail (worn)
 t - a +0 cloak (worn)
Jewellery
 p - a +2 ring of protection
 q - a +3 ring of intelligence
Magical devices
 o - a wand of fire (7)
Scrolls
 k - 2 scrolls of blinking
 m - 3 scrolls of remove curse
 n - 2 scrolls of amnesia
Potions
 d - a potion of might
 f - 5 potions of curing
 g - a potion of heal wounds
 h - a potion of haste
 i - 4 potions of magic
 j - a potion of berserk rage
 l - a potion of invisibility
Comestibles
 e - a bread ration


   Skills:
 + Level 10.0 Fighting
 + Level 8.2 Long Blades
 + Level 8.9 Armour
 + Level 4.9 Dodging
 + Level 11.6 Shields


You had 6 spell levels left.
You didn't know any spells.

Dungeon Overview and Level Annotations

Branches:
Dungeon (1/1)

Altars:
Cheibriados
Dithmenos
Elyvilon
Fedhas
Gozag
Kikubaaqudgha
Makhleb
Nemelex Xobeh
Okawaru
Qazlal
Ru
Sif Muna
Trog
Vehumet
Xom
Yredelemnul
Zin
The Shining One
Beogh
Jiyva
Lugonu


Innate Abilities, Weirdness & Mutations

You reflexively headbutt those who attack you in melee.
You have a pair of horns on your head.


Message History

Your headbutt misses the cyan ugly thing.
The cyan ugly thing is moderately wounded.
You block the cyan ugly thing's attack.
You slice the cyan ugly thing!!
Your headbutt misses the cyan ugly thing.
The cyan ugly thing is heavily wounded.
The cyan ugly thing pecks you but does no damage.
You slash the cyan ugly thing! You headbutt the cyan ugly thing!
The cyan ugly thing is severely wounded.
The cyan ugly thing pecks you!
* * * LOW HITPOINT WARNING * * *
The cyan ugly thing shocks you!
* * * LOW HITPOINT WARNING * * *
You hit the cyan ugly thing but do no damage.
You headbutt the cyan ugly thing!
The cyan ugly thing is severely wounded.
The cyan ugly thing pecks you.
* * * LOW HITPOINT WARNING * * *
The cyan ugly thing shocks you!
You die... ▓▓▓▓▓▓▓▓▓▓▓▓▓▓▓▓▓▓▓▓▓▓▓▓▓ '..|).[[.())....@uNCZ...+ ▓▓▓▓▓▓▓▓▓▓▓▓▓▓▓▓▓▓▓▓▓▓▓▓▓

You could see a cyan ugly thing, a salamander, a hill giant and a bat zombie.

Vanquished Creatures
  An ugly thing (D)
  A yak (D)
  A centaur (D)
  A hound (D)
  A quasit (D)
  A giant gecko (D)
  A giant cockroach (D)
  A goblin (D)
  2 hobgoblins (D)
  A ball python skeleton (D)
  A bat (D)
  2 kobolds (D)
  A quokka skeleton (D)
  A quokka zombie (D)
  2 rats (D)
18 creatures vanquished.

Notes
Turn   | Place    | Note
--------------------------------------------------------------
     0 | D        | Abraxas, the Minotaur Fighter, began the quest for the Orb.
     0 | D        | Reached XP level 1. HP: 19/19 MP: 0/0
     6 | D        | Reached skill level 4 in Fighting
    21 | D        | Noticed a hound
    27 | D        | Reached XP level 2. HP: 24/28 MP: 1/1
    44 | D        | Killed a hound
    44 | D        | Reached skill level 5 in Fighting
    44 | D        | Reached skill level 5 in Armour
    44 | D        | Reached skill level 1 in Dodging
    44 | D        | Reached skill level 5 in Shields
    44 | D        | Reached XP level 3. HP: 25/37 MP: 2/2
    52 | D        | Found a glowing silver altar of Zin.
    52 | D        | Found a glowing golden altar of the Shining One.
    52 | D        | Found an ancient bone altar of Kikubaaqudgha.
    52 | D        | Found a basalt altar of Yredelemnul.
    52 | D        | Found a shimmering altar of Xom.
    52 | D        | Found a radiant altar of Vehumet.
    52 | D        | Found an iron altar of Okawaru.
    53 | D        | Found a burning altar of Makhleb.
    54 | D        | Found a deep blue altar of Sif Muna.
    55 | D        | Found a bloodstained altar of Trog.
    56 | D        | Found a sparkling altar of Nemelex Xobeh.
    57 | D        | Found a white marble altar of Elyvilon.
    60 | D        | Became a worshipper of the Shining One
    63 | D        | Found a roughly hewn altar of Beogh.
    64 | D        | Found a viscous altar of Jiyva.
    65 | D        | Found a corrupted altar of Lugonu.
    66 | D        | Found a blossoming altar of Fedhas.
    67 | D        | Found a snail-covered altar of Cheibriados.
    68 | D        | Found a shadowy altar of Dithmenos.
    69 | D        | Found a stormy altar of Qazlal.
    70 | D        | Found an opulent altar of Gozag.
    71 | D        | Found a sacrificial altar of Ru.
   138 | D        | Noticed a yak
   138 | D        | Noticed a centaur
   138 | D        | Acquired the Shining One's first power
   138 | D        | Noticed a quasit
   139 | D        | Reached skill level 6 in Shields
   150 | D        | Killed a yak
   150 | D        | Reached skill level 7 in Fighting
   150 | D        | Reached skill level 5 in Long Blades
   150 | D        | Reached skill level 8 in Shields
   150 | D        | Reached XP level 4. HP: 33/48 MP: 3/3
   150 | D        | Reached XP level 5. HP: 36/53 MP: 4/4
   157 | D        | Killed a centaur
   157 | D        | Reached skill level 9 in Shields
   157 | D        | Reached XP level 6. HP: 32/62 MP: 5/5
   162 | D        | Killed a quasit
   292 | D        | Noticed a cyan ugly thing
   292 | D        | Acquired the Shining One's second power
   292 | D        | Noticed a cyan ugly thing
   292 | D        | Noticed a salamander
   292 | D        | Noticed a hill giant
   301 | D        | Killed a cyan ugly thing
   301 | D        | Reached skill level 10 in Fighting
   301 | D        | Reached skill level 11 in Shields
   301 | D        | Reached XP level 7. HP: 12/72 MP: 6/6
   309 | D        | Mangled by a cyan ugly thing

Action                   |  1- 3 |  4- 6 |  7- 9 || total
-------------------------+-------+-------+-------++-------
Melee: Long sword        |    34 |       |       ||    34
       Scimitar          |    12 |    20 |     6 ||    38
  Use: Potion            |       |       |     2 ||     2
